 Dungeon Crawl Stone Soup version 0.30-a0-996-ga6910c8ee8 (webtiles) character file.

Game seed: 7054684699128900925

47 ytrimaz the Ruffian (level 3, -1/32 HPs)
             Began as a Troll Transmuter on Apr 5, 2023.
             Slain by a jackal (2 damage)
             ... on level 3 of the Dungeon.
             The game lasted 00:01:44 (1041 turns).

ytrimaz the Ruffian (Troll Transmuter)              Turns: 1041, Time: 00:01:44

Health: -1/32      AC:  4    Str: 16 (18) XL:     3   Next: 48%
Magic:  3/3        EV:  9    Int:  9 (11) God:
Gold:   40         SH:  0    Dex:  7 (10) Spells: 3/4 levels left

rFire   . . .      SeeInvis .      - Unarmed
rCold   . . .      Faith    .    (no shield)
rNeg    . . .      Spirit   .    a - +0 robe
rPois   .          Reflect  .    (helmet restricted)
rElec   .          Rampage  .    (no cloak)
rCorr   .                        (gloves unavailable)
Will    .....                    (boots unavailable)
Stlth   +                        (no amulet)
HPRegen 1.05/turn                (no ring)
MPRegen 0.08/turn                (no ring)

@: lethally poisoned (-1 -> -2)
A: large, unfitting armour, claws 3, regeneration 1, shaggy fur 1, tough skin 1
a: no special abilities


You were on level 3 of the Dungeon.
You visited 1 branch of the dungeon, and saw 3 of its levels.

You collected 40 gold pieces.


Innate Abilities, Weirdness & Mutations

You are too large for most types of armour.
You have claws for hands.
Your natural rate of healing is unusually fast.
You are covered in fur. (AC +1)
You have tough skin. (AC +1)


   Skills:
 - Level 0.7 Fighting
 - Level 1.5 Dodging
 - Level 3.0 Unarmed Combat
 - Level 1.2 Spellcasting
 + Level 2.9 Transmutations


You had 3 spell levels left.
You knew the following spells:

 Your Spells              Type           Power      Damage    Failure   Level
a - Beastly Appendage     Tmut           10%        N/A       11%         1

Your spell library contained the following spells:

 Spells                   Type           Power      Damage    Failure   Level
 Wereblood                Tmut           5%         N/A       16%         2
 Freeze                   Ice            0%         1d3       36%         1
 Spider Form              Tmut/Pois      3%         N/A       52%         3
 Frozen Ramparts          Ice            0%         1d1       73%         3
 Hailstorm                Conj/Ice       0%         3d3       73%         3
 Ice Form                 Ice/Tmut       3%         N/A       89%         4

Inventory:

Armour
 a - a +0 robe (worn)
Potions
 d - a potion of flight

Dungeon Overview and Level Annotations

Branches:
Dungeon (3/15) Zot: 16963

Altars:
Gozag

Annotations:
D:3 Robin

........∩..♣..8..
..................
#.>.###........... #...#
#.∩..∩..)..∩.
#.######.#........
#.##.............. ..
...#............####....
...#.....>...##......)..
...#........#...@##
..............##h.####
...#.#...##...)g#....#
...#...####.###.####.#
######## #.# #g.###.# #
#.# ##.gg..##.#..#
.....####........#
......g....##.#.#
......####...#


You could see a gnoll, a jackal and a goblin (strong).


Message History

* * * LOW HITPOINT WARNING * * *
The goblin unwields a +0 sling.
The goblin wields a +0 club.
The goblin hits you but does no damage.
The jackal bites you but does no damage.
You hit the goblin. The gnoll hits you but does no damage.
The goblin hits you but does no damage.
The jackal bites you but does no damage.
The goblin hits you but does no damage. 😱 HP[+1] Unknown command.
You smack the goblin!
You kill the goblin!
The jackal bites you but does no damage.
The gnoll throws a throwing net.
The throwing net hits you.
You become entangled in the net!
Robin roars a battlecry!
The goblins go into a battle-frenzy!
The goblin hits you but does no damage. 😱 HP[+1]
You struggle against the net.
Your transformation is almost over.
The jackal bites you but does no damage.
The gnoll hits you but does no damage. The goblin hits you but does no damage.
The jackal bites you but does no damage. 😱 HP[+1]
You tear a large gash into the net.
The gnoll hits you but does no damage.
The jackal bites you but does no damage.
The goblin hits you but does no damage. 😱 HP[+1]
You rip the net and break free!
The jackal completely misses you. The gnoll hits you but does no damage.
Robin throws the goblin at you! The goblin hits you but does no damage.
The goblin hits you with a +0 club.
* * * LOW HITPOINT WARNING * * *
You barely miss the goblin.
The jackal bites you but does no damage.
The goblin hits you but does no damage. The gnoll hits you but does no damage.
The jackal bites you but does no damage.
You barely miss the goblin. The goblin hits you but does no damage.
The jackal bites you.
* * * LOW HITPOINT WARNING * * *
The gnoll hits you but does no damage. The goblin hits you but does no damage.
You hit the goblin.
You kill the goblin!
The goblin hits you but does no damage. The gnoll hits you but does no damage.
Unknown command. 😱 HP[+1]
You barely miss the jackal.
The jackal bites you but does no damage.
Robin roars a battlecry!
The goblin goes into a battle-frenzy!
The goblin hits you but does no damage. The gnoll hits you but does no damage.
The goblin hits you but does no damage.
The jackal bites you but does no damage. 😨 HP[+1]
You hit the goblin but do no damage.
The jackal bites you but does no damage.
The goblin hits you but does no damage.
The gnoll hits you from afar with a +0 spear.
* * * LOW HITPOINT WARNING * * *
The goblin hits you but does no damage. 😱 HP[-1]
You take 1 damage, and now have 12/48 hp.
You barely miss the goblin.
The jackal bites you but does no damage. 😨 HP[+1] Unknown command.
You smack the goblin!
You kill the goblin!
You feel less wooden.
Your +0 robe unmelds from your body.
The goblin hits you with a +2 dagger of venom.
* * * LOW HITPOINT WARNING * * *
You are poisoned.
The gnoll hits you from afar with a +0 spear.
* * * LOW HITPOINT WARNING * * *
The jackal bites you but does no damage. 😱 HP[-8]
You now have 32 max hp (-16).
Unknown command.
* * * LOW HITPOINT WARNING * * *
You feel very sick.
The gnoll throws a throwing net.
The throwing net barely misses you.
The jackal bites you but does no damage.
You see here a throwing net. 😱 HP[-2]
You take 2 damage, and now have 3/32 hp.
Unknown command.
Okay, then.
The jackal attacks as you move away!
The jackal bites you but does no damage.
* * * LOW HITPOINT WARNING * * *
You feel sick. 😱 HP[-1]
You take 1 damage, and now have 2/32 hp.
Unknown command.
The jackal attacks as you move away! The jackal barely misses you.
* * * LOW HITPOINT WARNING * * *
You feel sick. The jackal bites you.
You die...

Skill      XL: |  1 |
---------------+----+-----
Transmutations | 2 |  2.9
Fighting       | |  0.7
Dodging        | |  1.5
Unarmed Combat | |  3.0
Spellcasting   | |  1.2

Action                     || total
---------------------------++-------
  Melee: Unarmed           ||    93
         Punch             ||     2
    Use: Scroll            ||     2
         Potion            ||     2
 Armour: Robe              ||    27
         Skin              ||    97
  Dodge: Dodged            ||    38

Levels and vault maps discovered:
D:1:      nagdon_arrival_zigzag_paths, layout_loops_corners, serial_forest,
          infiniplex_forest_lined_corner, infiniplex_forest_corner_1,
          infiniplex_forest_lined_4_way, infiniplex_forest_clump_curved,
          infiniplex_forest_corner_1, infiniplex_forest_side_room
D:2:      layout_basic, basic_altar, uniq_jessica
D:3:      layout_rooms, hellmonk_ecumenical_altar_arch_garden,
          gammafunk_ghost_cemetery, serial_shops, nicolae_lakefront_shop,
          uniq_robin

Notes
Turn   | Place    | Note
-------+----------+-------------------------------------------
     0 | D:1      | ytrimaz the Troll Transmuter began the quest for the Orb.
     0 | D:1      | Reached XP level 1. HP: 18/18 MP: 1/1
     0 | D:1      | magus.rc [v1.9.6]
   168 | D:1      | Reached skill level 2 in Transmutations
   168 | D:1      | Reached XP level 2. HP: 26/26 MP: 2/2
   899 | D:2      | Found an opulent altar of Gozag.
   900 | D:2      | You fall into a shaft and drop 1 floor!
   903 | D:3      | You pick up a book of Frost and begin reading...
   903 | D:3      | You add the spells Freeze, Frozen Ramparts and Hailstorm to
                  | your library.
   921 | D:3      | Found a faded altar of an unknown god.
  1002 | D:3      | Noticed Robin
  1009 | D:3      | HP: 6/26 [poisoned by a goblin]
  1009 | D:3      | HP: 2/26 [gnoll/+0 spear (4)]
  1014 | D:3      | HP: 2/39 [poisoned by a goblin]
  1016 | D:3      | Reached XP level 3. HP: 4/32 MP: 3/3
  1020 | D:3      | HP: 4/48 [gnoll/+0 spear (6)]
  1026 | D:3      | HP: 7/48 [goblin/+0 club[Robin] (1)]
  1031 | D:3      | HP: 10/48 [goblin/+0 club[Robin] (2)]
  1036 | D:3      | HP: 12/48 [gnoll/+0 spear (2)]
  1038 | D:3      | HP: 5/32 [gnoll/+0 spear (3)]
  1040 | D:3      | HP: 2/32 [poisoned by a goblin]
  1041 | D:3      | Slain by a jackal

Vanquished Creatures
  A gnoll (D:3)
  A dart slug (D:3)
  5 endoplasms
  A giant cockroach (D:3)
  A hobgoblin (D:1)
  A jackal (D:3)
  2 quokkas (D:1)
  2 ball pythons (D:1)
  A bat (D:1)
  4 frilled lizards (D:1)
  8 goblins
  4 kobolds
  3 rats (D:1)
34 creatures vanquished.

Vanquished Creatures (others)
  7 toadstools (D:1)
7 creatures vanquished.

Grand Total: 41 creatures vanquished

Table legend:
 A = Non-vault XP
 B = Vault XP
 C = Vault XP percentage of total XP
 D = Non-vault monster count
 E = Vault monster count
 F = Vault count percentage of total count
                 A         B        C        D         E       F
            +---------+---------+-------+---------+---------+-------
      Total |      57 |      11 |  16.2 |      28 |       6 |  17.6
            +---------+---------+-------+---------+---------+-------
        D:1 |      29 |       0 |   0.0 |      21 |       0 |   0.0
        D:3 |      28 |      11 |  28.2 |       7 |       6 |  46.2
            +---------+---------+-------+---------+---------+-------

Illustrated notes

Table legend:
 A = Kills in this place as a percentage of kills in the entire game.
 B = Kills by you in this place as a percentage of kills by you in the entire game.
 C = Kills by friends in this place as a percentage of kills by friends in the entire game.
 D = Other kills in this place as a percentage of other kills in the entire game.
 E = Experience gained in this place as a percentage of experience gained in the entire game.
 F = Experience gained in this place divided by the number of levels of this place that you have seen.
                   A       B       C       D       E      F
               +-------+-------+-------+-------+-------+----------------------
         Total | 100.0 | 100.0 |   N/A |   N/A | 100.0 |  22.7
       Dungeon | 100.0 | 100.0 |   N/A |   N/A | 100.0 |  22.7
               +-------+-------+-------+-------+-------+----------------------

Table legend: (Time is in decaauts)
 A = Elapsed time spent in this place.
 B = Non-inter-level travel time spent in this place.
 C = Inter-level travel time spent in this place.
 D = Time resting spent in this place.
 E = Time spent auto-exploring this place.
 F = Levels seen in this place.
 G = Mean time per level.
                   A        B        C        D        E       F      G
               +--------+--------+--------+--------+--------+-----+--------+
         Total |   1035 |   1030 |      5 |      0 |    832 |   3 |  345.0 |
       Dungeon |   1035 |   1030 |      5 |      0 |    832 |   3 |  345.0 |
               +--------+--------+--------+--------+--------+-----+--------+

Top non-repeatable levels by time:
     D:1: 895 daAuts
     D:3: 138 daAuts
     D:2: 0 daAuts
